 Dungeon Crawl Stone Soup version 0.18.1-5-g4a78601 (webtiles) character file.

81 Ijustatesigmund the Cudgeler (level 4, -10/41 HPs)
             Began as a Minotaur Fighter on May 14, 2016.
             Mangled by a gnoll
             ... wielding a +0 halberd
              (12 damage)
             ... on level 3 of the Dungeon.
             The game lasted 00:05:04 (2091 turns).

Ijustatesigmund the Cudgeler (Minotaur Fighter)     Turns: 2091, Time: 00:05:05

Health: -10/41     AC: 10    Str: 20    XL:     4   Next: 19%
Magic:  3/3        EV:  5    Int:  5    God:
Gold:   109        SH:  9    Dex: 11    Spells: 0 memorised, 3 levels left

rFire  + . .     SeeInvis .     a - +0 flail
rCold  . . .     Gourm    .     r - +0 chain mail
rNeg   . . .     Faith    .     c - +0 shield
rPois  .         Spirit   .     (helmet restricted)
rElec  .         Dismiss  .     j - +0 cloak
rCorr  .         Reflect  .     (no gloves)
SustAt .         Harm     .     (no boots)
MR     .....                    (no amulet)
Stlth  ..........               (no ring)
                                o - ring of protection from fire

@: not resistant to hostile enchantments, extremely unstealthy
A: retaliatory headbutt, horns 2
a: no special abilities


You were on level 3 of the Dungeon.
You were hungry.

You visited 1 branch of the dungeon, and saw 3 of its levels.

You collected 109 gold pieces.

Inventory:

Hand Weapons
 a - a +0 flail (weapon)
Armour
 c - a +0 shield (worn)
 j - a +0 cloak (worn)
 r - a +0 chain mail (worn)
Jewellery
 o - a ring of protection from fire (left hand)
Scrolls
 l - 3 scrolls of identify
 m - a scroll of remove curse
Potions
 e - a potion of cancellation
 h - a potion of brilliance
 i - a potion of curing
 q - a potion of resistance
Comestibles
 f - 4 bread rations
 g - a slice of pizza
 k - a meat ration


   Skills:
 + Level 4.5 Fighting
 * Level 4.6 Maces & Flails
 + Level 3.6 Armour
 + Level 0.2 Dodging
 - Level 3.6 Shields


You had 3 spell levels left.
You didn't know any spells.

Dungeon Overview and Level Annotations

Branches:
Dungeon (3/15)

Altars:
Dithmenos


Innate Abilities, Weirdness & Mutations

You reflexively headbutt those who attack you in melee.
You have a pair of horns on your head.


Message History

You are too injured to fight recklessly!
You are too injured to fight recklessly!
Read which item? (? for menu, Esc to quit)
Okay, then.
Drink which item? (? for menu, Esc to quit)
Your magical effects are unravelling.
You feel magically purged.
You feel a little less mighty now. The gnoll hits you with a spear.
* * * LOW HITPOINT WARNING * * *
You block the gnoll's attack. x2
The gnoll barely misses you.
Read which item? (? for menu, Esc to quit)
As you read the scroll of fog, it crumbles to dust.
The scroll dissolves into smoke.
The gnoll hits you from afar with a halberd.
* * * LOW HITPOINT WARNING * * *
Found a robe.
The gnoll hits you with a halberd!
You die...

####§§#........†#
#..
##§##♣#♣#♣.♣.#
#P. #§#
#.##..†##.PP
##.##
#.......#P.P
#...# ###.....##.
#g.## #.....##.
#.## #.....###
#g# #.....# #@#
####### #.# #.#
#.# [.. .#. #. .#
## ##


You could see 2 gnolls.

Vanquished Creatures
  A gnoll (D:3)
  An adder (D:2)
  An ooze (D:2)
  2 worms (D:2)
  2 dart slugs
  A giant gecko (D:1)
  3 giant cockroaches (D:2)
  2 goblins (D:2)
  8 hobgoblins
  6 jackals
  3 kobolds
  A quokka (D:2)
  6 bats
  7 rats
44 creatures vanquished.

Vanquished Creatures (others)
  A plant (D:3)
1 creature vanquished.

Grand Total: 45 creatures vanquished

Notes
Turn   | Place    | Note
--------------------------------------------------------------
     0 | D:1      | Ijustatesigmund the Minotaur Fighter began the quest for the Orb.
     0 | D:1      | Reached XP level 1. HP: 19/19 MP: 0/0
   184 | D:1      | Reached XP level 2. HP: 24/27 MP: 1/1
   868 | D:2      | Found a shadowy altar of Dithmenos.
   879 | D:2      | Reached XP level 3. HP: 32/33 MP: 2/2
  1721 | D:2      | Reached XP level 4. HP: 41/41 MP: 3/3
  2081 | D:3      | HP: 1/41 [gnoll/halberd (6)]
  2091 | D:3      | Mangled by a gnoll

Skill      XL: |  1  2  3 |
---------------+----------+-----
Maces & Flails | 3 4 |  4.6
Fighting       | 4 |  4.5
Armour         | |  3.6
Dodging        | |  0.2
Shields        | |  3.6

Action                   |  1- 3 |  4- 6 || total
-------------------------+-------+-------++-------
Melee: Flail             |    83 |    14 ||    97
       Headbutt          |    13 |     1 ||    14
  Use: Scroll            |     9 |     2 ||    11
       Potion            |       |     2 ||     2
  Eat: Chunk             |     3 |       ||     3
Armor: Scale mail        |    53 |       ||    53
       Chain mail        |       |     8 ||     8
Dodge: Dodged            |    26 |     6 ||    32
Block: Shield            |    41 |     8 ||    49
